 Dungeon Crawl Stone Soup version 0.27.1-15-g792fb953b9 (webtiles) character file.

Game seed: 7600268478801171321

65 Baconl0rd the Shield-Bearer (level 3, -7/33 HPs)
             Began as a Minotaur Fighter on Nov 19, 2021.
             Was a Believer of Lugonu.
             Shot with an arrow by a centaur (11 damage)
             ... on level 6 of the Dungeon.
             The game lasted 00:03:03 (1266 turns).

Baconl0rd the Shield-Bearer (Minotaur Fighter)      Turns: 1266, Time: 00:03:03

Health: -7/33      AC:  0    Str: 21    XL:     3   Next: 92%
Magic:  2/2        EV: 26    Int:  5    God:    Lugonu [**....]
Gold:   33         SH:  0    Dex:  9    Spells: 2/2 levels left

rFire    . . .     SeeInvis .   (no weapon)
rCold    . . .     Faith    .   (no shield)
rNeg     . . .     Spirit   .   (no armour)
rPois    .         Reflect  .   (helmet restricted)
rElec    .         Harm     .   (no cloak)
rCorr    .         Rampage  .   (no gloves)
Will     .....                  (no boots)
Stlth    +.........             e - amulet of the acrobat
HPRegen  0.11/turn              (no ring)
MPRegen  0.08/turn              (no ring)

@: acrobatic
A: horns 2, retaliatory headbutt
a: Renounce Religion, Depart the Abyss, Bend Space


You were on level 6 of the Dungeon.
You worshipped Lugonu.
Lugonu was pleased with you.
You visited 1 branch of the dungeon, and saw 6 of its levels.

You collected 33 gold pieces.

Inventory:

Armour
 b - a +0 scale mail
 c - a +0 kite shield
Jewellery
 e - an amulet of the acrobat (around neck)
Scrolls
 a - a scroll of fear {unknown}
 i - a scroll of brand weapon {unknown}
 j - a scroll of teleportation {unknown}
Potions
 d - 2 potions of might
 f - 2 potions of attraction {unknown}
 g - a potion of brilliance {unknown}
 h - a potion of cancellation {unknown}
 k - a potion of haste {unknown}
 l - a potion of berserk rage {unknown}


   Skills:
 + Level 4.3 Fighting
 + Level 3.2 Long Blades
 + Level 4.1 Armour
 + Level 4.4 Shields


You had 2 spell levels left.
You didn't know any spells.
Your spell library contained the following spells:

 Spells                   Type           Power      Damage    Failure   Level
 Gell's Gravitas          Tloc           0%         N/A       85%         3
 Teleport Other           Tloc           0%         N/A       85%         3
 Dispersal                Tloc           0%         N/A       100%        6


Dungeon Overview and Level Annotations

Branches:
Dungeon (6/15)
 Temple: D:4-7

Altars:
Xom
Lugonu

Shops:
D:2 !


Innate Abilities, Weirdness & Mutations

You have a pair of horns on your head.
You reflexively headbutt those who attack you in melee.


Message History

The adder completely misses you. The adder barely misses you.
The adder completely misses you. x2
The adder bites you. The adder completely misses you. You furiously retaliate!
You headbutt the adder!
You kill the adder!
Lugonu accepts your kill.
HP restored.
Found 18 stones.
a - a scroll labelled LONEDGH VAITS
Found 15 stones.
Found an escape hatch in the ceiling.
Found a leather armour.
A bullfrog zombie comes into view.
Found a brown potion.
The bullfrog zombie completely misses you.
You furiously retaliate!
You headbutt the bullfrog zombie!
Found a stone staircase leading down.
The bullfrog zombie misses you. You furiously retaliate!
You headbutt the bullfrog zombie! The bullfrog zombie closely misses you.
The bullfrog zombie hits you.
The bullfrog zombie completely misses you.
You furiously retaliate!
You headbutt the bullfrog zombie. The bullfrog zombie hits you.
There is a stone staircase leading down here.
The bullfrog zombie hits you.
You climb downwards.
There is a stone staircase leading up here.
As you open the door, it creaks loudly!
You hear a shout!
A centaur comes into view.
The centaur wields a +0 shortbow.
The centaur shoots an arrow.
The arrow completely misses you.
There is an open door here.
The centaur shoots an arrow.
The arrow hits you!
The centaur shoots an arrow.
The arrow barely misses you.
The centaur shoots an arrow.
The arrow completely misses you.
The centaur shoots an arrow.
The arrow hits you!
* * * LOW HITPOINT WARNING * * *
The centaur shoots an arrow.
The arrow hits you!
You die...

. .. # ###.
.#.#.#..
...#...#####+###
#...#..........
#...#..........
#....@..c....
#.#..........
#######..........
..........##.....
..........# #####
..#####'###
#......##
#.......#
#.......#


You could see a centaur.

Vanquished Creatures
  An adder (D:5)
  2 dart slugs (D:1)
  6 bats
  4 endoplasms
  7 goblins
  6 hobgoblins
  2 jackals (D:2)
  3 quokkas
  6 ball pythons
  2 frilled lizards (D:1)
  4 kobolds
  3 rats (D:1)
46 creatures vanquished.

Notes
Turn   | Place    | Note
-------+----------+-------------------------------------------
     0 | D:1      | Baconl0rd the Minotaur Fighter began the quest for the Orb.
     0 | D:1      | Reached XP level 1. HP: 19/19 MP: 0/0
   115 | D:1      | Reached XP level 2. HP: 23/27 MP: 1/1
   403 | D:1      | Reached XP level 3. HP: 27/33 MP: 2/2
   746 | D:2      | Found Sepekhim's Distillery.
   751 | D:2      | Found a shimmering altar of Xom.
   755 | D:2      | Found a faded altar of an unknown god.
   788 | D:2      | Became a worshipper of Lugonu the Unformed
   788 | D:2      | Reached * piety under Lugonu
   788 | D:2      | Reached ** piety under Lugonu
  1126 | D:5      | Entered Level 5 of the Dungeon
  1261 | D:6      | Noticed a centaur
  1266 | D:6      | Shot with an arrow by a centaur

Illustrated notes

Levels and vault maps discovered:
D:1:      eino_arrival_water_cross, layout_rooms
D:2:      layout_basic, basic_altar, serial_shops, shop,
          hellmonk_ecumenical_altar_pennies_from_heaven, uniq_jessica
D:3:      layout_basic, lemuel_round_altar, yredelemnul_altar_generic,
          hex_medium, nrook_campfire, kennysheep_minor_cross
D:4:      layout_rooms, overflow_temple_1_default,
          minmay_temple_entry_glassed_door
D:5:      layout_basic, lemuel_tele_altar
D:6:      layout_gridville, mainiacjoe_overflow_paths,
          mainiacjoe_overflow_alcove_1, gammafunk_ghost_abyssal_escape,
          minmay_misc_feat_alley, uniq_eustachio

Skill      XL: |  1  2  3 |
---------------+----------+-----
Fighting       | 4 |  4.3
Shields        | 4 |  4.4
Armour         | 4 |  4.1
Long Blades    | 3 |  3.2

Action                   || total
-------------------------++-------
Melee: Long sword        ||    69
       Headbutt          ||     9
       Unarmed           ||     1
Armor: Scale mail        ||    34
Dodge: Dodged            ||    93
Block: Kite shield       ||    55
       Rpst.: Long sword ||     3
